 Dungeon Crawl Stone Soup version 0.30-a0-359-gd0147acb1a (webtiles) character file.

Game seed: 282777018960664646

100848 mcwallace the Worldbinder (level 16, -5/93 HPs)
             Began as a Tengu Summoner on Nov 12, 2022.
             Was an Initiate of Gozag.
             Killed from afar by a deep elf zephyrmancer (38 damage)
             ... with a bolt of lightning
             ... on level 2 of the Orcish Mines.
             The game lasted 01:59:57 (34241 turns).

mcwallace the Worldbinder (Tengu Summoner)         Turns: 34241, Time: 01:59:57

Health: -5/93      AC:  9    Str: 10    XL:     16   Next: 28%
Magic:  18/34      EV: 24    Int: 21    God:    Gozag
Gold:   3825       SH:  0    Dex: 16    Spells: 12/41 levels left

rFire   + . .      SeeInvis .    c - +6 great sword "Voqummaz" {pain, rC+, long}
rCold   + . .      Faith    .    (shield currently unavailable)
rNeg    . . .      Spirit   .    e - +1 robe {Will+}
rPois   +          Reflect  .    (helmet restricted)
rElec   .          Harm     .    t - +2 cloak {rCorr}
rCorr   +          Rampage  .    l - +2 pair of gloves
Will    +++..                    (boots unavailable)
Stlth   ++........               E - amulet of the acrobat
HPRegen 0.35/turn                d - ring of protection from fire
MPRegen 0.24/turn                v - ring of Lafeer {rPois Will+ rCorr Int-2 Dex+2}

@: forested, gold aura, flying quickly and evasively, quick
A: beak, talons 3, nimble flight
a: Renounce Religion, Potion Petition, Call Merchant, Bribe Branch


You were on level 2 of the Orcish Mines.
You worshipped Gozag.
Gozag was most pleased with you.
You visited 4 branches of the dungeon, and saw 23 of its levels.

You collected 8424 gold pieces.
You spent 3059 gold pieces at shops.
You paid 1540 gold pieces to Gozag.


Innate Abilities, Weirdness & Mutations

You have a beak for a mouth.
You have claws for feet.
Your magical nature lets you fly swiftly and evasively.


   Skills:
 - Level 8.0 Fighting
 - Level 14.0 Dodging
 - Level 2.0 Stealth
 + Level 13.0 Spellcasting
 + Level 23.3 Summonings
 - Level 5.0 Evocations


You had 12 spell levels left.
You knew the following spells:

 Your Spells              Type           Power      Damage    Failure   Level
a - Summon Small Mammal   Summ           100%       N/A       0%          1
b - Call Canine Familiar  Summ           84%        N/A       0%          3
c - Summon Guardian Gole  Hex/Summ       58%        N/A       1%          3
d - Summon Lightning Spi  Summ/Air       58%        N/A       1%          4
f - Summon Cactus Giant   Summ           42%        N/A       1%          6
g - Summon Forest         Summ/Tloc      29%        N/A       1%          5
h - Monstrous Menagerie   Summ           42%        N/A       1%          7

Your spell library contained the following spells:

 Spells                   Type           Power      Damage    Failure   Level
 Call Imp                 Summ           84%        N/A       0%          2
 Summon Ice Beast         Ice/Summ       58%        N/A       1%          4
 Summon Mana Viper        Hex/Summ       58%        N/A       1%          5
 Summon Hydra             Summ           42%        N/A       1%          7
 Shock                    Conj/Air       52%        1d6       4%          1
 Slow                     Hex            52%        N/A       4%          1
 Cigotuvi's Dreadful Rot  Necr/Pois/Air  26%        N/A       7%          2
 Poisonous Vapours        Pois/Air       26%        N/A       7%          2
 Scorch                   Fire           26%        2d6       7%          2
 Sublimation of Blood     Necr           13%        N/A       7%          2
 Wereblood                Tmut           13%        N/A       7%          2
 Confusing Touch          Hex            13%        N/A       14%         3
 Inner Flame              Hex/Fire       13%        N/A       14%         3
 Mephitic Cloud           Conj/Pois/Air  13%        N/A       14%         3
 Swiftness                Air            13%        N/A       14%         3
 Vampiric Draining        Necr           13%        2d6       14%         3
 Dragon's Call            Summ           42%        N/A       34%         9
 Airstrike                Air            6%         2d(1-17)  43%         4
 Anguish                  Hex/Necr       6%         N/A       43%         4
 Cause Fear               Hex            6%         N/A       43%         4
 Flame Wave               Conj/Fire      13%        2d6       43%         4
 Sticky Flame             Conj/Fire      13%        2d4       43%         4
 Eringya's Noxious Bog    Tmut/Pois      6%         N/A       100%        6
 Dragon Form              Tmut           6%         N/A       100%        7
 Enfeeble                 Hex            6%         N/A       100%        7

Inventory:

Hand Weapons
 c - the +6 great sword "Voqummaz" (weapon) {pain, rC+, long}
   (You bought it in a shop on level 2 of the Orcish Mines)

   In the hands of one skilled in necromantic magic, it inflicts extra damage on
   living creatures.
   rC:        It protects you from cold.
 m - the +12 quarterstaff "Mawnow" {vorpal, rCorr Dex+6 Stlth+, staff}
   (You bought it in a shop on level 13 of the Dungeon)

   It inflicts extra damage upon your enemies.
   Dex:       It affects your dexterity (+6).
   rCorr:     It protects you from acid and corrosion.
   Stlth:     It makes you more stealthy.
 J - a +2 scimitar of flaming {long}
   (You took it off an efreet on level 9 of the Dungeon)
 P - a +1 war axe of flaming {axe}
   (You took it off an orc warlord on level 2 of the Orcish Mines)
Missiles
 j - 10 curare-tipped darts {=fthrowing}
 R - 6 silver boomerangs {throwing}
 W - 15 poisoned darts {throwing}
Armour
 e - a +1 robe of willpower (worn)
   (You found it on level 1 of the Dungeon)
 l - a +2 pair of gloves (worn)
   (You found it on level 6 of the Dungeon)
 t - a +2 cloak of preservation (worn)
   (You bought it in a shop on level 8 of the Dungeon)
 V - the +1 leather armour of the Albatross {+Blink rC+ Int-4}
   (You found it on level 5 of the Dungeon)

   Int:       It affects your intelligence (-4).
   rC:        It protects you from cold.
   +Blink:    It lets you blink.
Jewellery
 d - a ring of protection from fire (left hand)
   (You found it on level 1 of the Dungeon)
 s - a ring of protection from fire
   (You found it on level 6 of the Dungeon)
 v - the ring of Lafeer (right hand) {rPois Will+ rCorr Int-2 Dex+2}
   (You acquired it on level 12 of the Dungeon)

   [ring of resist corrosion]

   Int:       It affects your intelligence (-2).
   Dex:       It affects your dexterity (+2).
   rPois:     It protects you from poison.
   rCorr:     It protects you from acid and corrosion.
   Will:      It increases your willpower.
 E - an amulet of the acrobat (around neck)
   (You bought it in a shop on level 2 of the Orcish Mines)
Wands
 h - a wand of iceblast (13)
   (You found it on level 5 of the Dungeon)
 k - a wand of charming (24)
   (You found it on level 6 of the Dungeon)
 u - a wand of light (18)
   (You found it on level 2 of the Lair of Beasts)
 z - a wand of digging (4)
   (You found it on level 2 of the Lair of Beasts)
 T - a wand of polymorph (12)
   (You found it on level 5 of the Lair of Beasts)
 U - a wand of flame (14)
   (You found it on level 5 of the Lair of Beasts)
Scrolls
 a - 2 scrolls of immolation {!r!r}
 g - 3 scrolls of vulnerability {!r!r}
 i - 6 scrolls of teleportation {@r4}
 n - a scroll of butterflies
 w - 5 scrolls of enchant armour
 B - a scroll of fear
 C - 3 scrolls of summoning
 F - a scroll of brand weapon
 M - 6 scrolls of blinking {!r}
 N - 4 scrolls of poison {!r}
 O - 4 scrolls of magic mapping {!r}
 Q - 7 scrolls of amnesia
 X - a scroll of silence {!r}
 Y - 4 scrolls of enchant weapon
Potions
 b - 2 potions of magic
 f - 6 potions of might
 o - 7 potions of lignification {!q}
 q - 5 potions of haste {@q3}
 r - 2 potions of attraction {unknown}
 x - 4 potions of curing {@q1}
 y - a potion of berserk rage {unknown}
 A - 2 potions of cancellation
 D - a potion of brilliance {unknown}
 G - 3 potions of heal wounds {@q2}
 H - 3 potions of mutation {!q}
 K - 2 potions of ambrosia
 L - 2 potions of invisibility
 S - 3 potions of degeneration {unknown}
Miscellaneous
 p - a tin of tremorstones (2/2) {throwing}
   (You found it on level 11 of the Dungeon)
 I - a box of beasts
   (You found it on level 12 of the Dungeon)
 Z - a phantom mirror
   (You found it on level 10 of the Dungeon)

Dungeon Overview and Level Annotations

Branches:
Dungeon (15/15) Zot: 25241  Temple (0/1) D:7            Lair (5/5) D:8 Zot: 19496
 Shoals (0/4) Lair:2        Snake (0/4) Lair:3        Slime (0/5) Lair:5
    Orc (2/2) D:11 Zot: 9064     Elf (1/3) Orc:2 Zot: 5996  Vaults (0/5) D:14
 Depths (0/4) D:15

Altars:
Ashenzari
Elyvilon
Fedhas
Gozag
Kikubaaqudgha
Makhleb
Okawaru
Ru
Sif Muna
Trog
Vehumet
Wu Jian
Xom
The Shining One
Jiyva

Shops:
D:4 *   D:5 *   D:8 [   D:10 :   D:13 (   Orc:1 (   Orc:2 *!?(:   Lair:1 :

Annotations:
D:12 2 runed translucent doors, KryptKrawler's ghost, journeyman SpEn

..##)# ###...................
...#.## #.........)).........
...#..## ##.#.................
...#...# ##..................
...#..## ###.......[...[.....
#..#..### ####.#.................
#..#..#.###.#..................<.
#..#.....#.......................
#..#..#.###.....@..#.......[)[...
#..#..#.#.........>..<.....[.....
...#..............$........[.....
...#..............C........[.....
...#....#.................[......
...#...[.............).).........
..##................e..).........
.##.....)........................
##..............[.[..............


You could see a deep elf zephyrmancer (ally target) and a friendly cactus giant
(summoned).


Message History

The stunning burst hits you!
You suddenly lose the ability to move!
The deep elf zephyrmancer gestures wildly while chanting.
The deep elf zephyrmancer blinks!
The deep elf pyromancer mumbles some strange words.
The deep elf pyromancer blinks!
You can move again. 😕 HP[-15] MP[-5]
You take 15 damage, and now have 78/93 hp.
You lost 5 mp, and now have 29/34 mp.
Casting: Summon Forest (dangerous; 1% risk of failure)
Confirm with . or Enter, or press ? or * to list all spells.
You summon a manticore!
Tree limbs sway around you.
A root lunges up near the deep elf pyromancer.
A tree reaches out and hits the deep elf zephyrmancer!
A tree reaches out and hits the earth elemental!
A tree reaches out and hits the air elemental!
The air elemental fires a burst of electricity at you.
The stunning burst hits your manticore!
Your manticore is paralysed.
The stunning burst misses you. The air elemental hits you.
The air elemental fires a burst of electricity at you.
The stunning burst hits your manticore. The stunning burst misses you.
The air elemental fires a burst of electricity at you.
The stunning burst hits your manticore. The stunning burst hits you!
You shrug off the repeated paralysis!
The air elemental completely misses you.
The deep elf pyromancer casts a spell at you.
The sticky flame hits you. You resist.
You are covered in liquid flames! 😮 HP[-20] MP[-7]
You take 20 damage, and now have 58/93 hp.
MASSIVE DAMAGE!! (PAUSE)
You lost 7 mp, and now have 22/34 mp.
You are covered in liquid flames!
You are no longer on fire.
A tree reaches out and hits the deep elf zephyrmancer!
A root smacks the earth elemental from below!
The deep elf knight is hit by a branch!
A root smacks the deep elf pyromancer from below! x2
A root smacks the air elemental from below!
Your manticore is no longer paralysed.
The air elemental completely misses you.
The air elemental hits you!
The deep elf zephyrmancer casts a spell.
The deep elf zephyrmancer blinks!
Your manticore barely misses the air elemental.
Your manticore completely misses the air elemental.
Your manticore misses the air elemental.
Your dryad calls out to the forest.
Vines fly forth from the trees!
The deep elf zephyrmancer casts a spell at you.
The bolt of lightning hits the air elemental.
The air elemental completely resists.
The bolt of lightning misses you.
The deep elf pyromancer mumbles some strange words.
Send 'em back where they came from!
Your dryad shudders.
Your manticore shudders.
The deep elf pyromancer casts a spell.
The deep elf pyromancer blinks!
You hear a shout! x2
You fly upwards.
Welcome back to the Orcish Mines!
Your summoned allies are left behind.
There is a staircase to the Elven Halls here. 😮 HP[-9] MP[+1]
You take 9 damage, and now have 49/93 hp.
Casting: Monstrous Menagerie (dangerous; 1% risk of failure)
Confirm with . or Enter, or press ? or * to list all spells.
The air elemental fires a burst of electricity at you.
The stunning burst hits you!
You suddenly lose the ability to move!
* * * LOW HITPOINT WARNING * * *
The air elemental hits you but does no damage.
The deep elf zephyrmancer mumbles some strange words.
The deep elf zephyrmancer blinks!
The air elemental hits you!
* * * LOW HITPOINT WARNING * * *
You can move again. 😨 HP[-17] MP[-6]
You take 17 damage, and now have 32/93 hp.
You lost 6 mp, and now have 17/34 mp.
The air elemental attacks as you move away!
The air elemental closely misses you.
The air elemental is struck by your cactus giant's spines.
The air elemental hits your cactus giant!
The air elemental is struck by your cactus giant's spines.
The air elemental is destroyed! 😨 HP[+1]
What are your orders? t - Shout!
Orders for allies: a - Attack new target. r - Retreat! s - Stop attacking. g - Guard the area. f - Follow me.
Anything else - Cancel.
Gang up on whom?
Press: ? - help, Dir - move target, f - deep elf zephyrmancer
Aim: a deep elf zephyrmancer, wielding a +0 long sword and wearing a +0 ring mail (heavily wounded, ally target) Attack!
The deep elf zephyrmancer gestures at you while chanting.
The bolt of lightning hits your cactus giant!!
The bolt of lightning hits you!!!
You die...
Your body crumbles into a pile of gold.

Skill      XL: |  1  2  3  4  5  6  7  8  9 10 11 12 13 14 15 16 |
---------------+-------------------------------------------------+-----
Summonings     | 5 6 7 8 9 11 13 15 19 21 22 23 | 23.3
Fighting       | 1 2 3 4 5 6 8 |  8.0
Dodging        | 3 4 5 6 7 9 11 14 | 14.0
Spellcasting   | 3 4 5 6 7 8 9 12 13 | 13.0
Evocations     | 5 |  5.0
Stealth        | |  2.0

Action                   |  1- 3 |  4- 6 |  7- 9 | 10-12 | 13-15 | 16-18 || total
-------------------------+-------+-------+-------+-------+-------+-------++-------
Melee: Hand axe          |    56 |       |       |       |       |       ||    56
       Kick              |    12 |    12 |    40 |   106 |   117 |     5 ||   292
       Peck              |     5 |     7 |    17 |    53 |    70 |       ||   152
       Whip              |    11 |    49 |   100 |       |       |       ||   160
       Punch             |     1 |     1 |       |       |       |       ||     2
       Battleaxe         |       |       |       |   251 |   236 |       ||   487
       Great sword       |       |       |       |       |    45 |    13 ||    58
 Cast: Summon Small Mamm |    54 |    17 |    16 |     4 |     1 |       ||    92
       Call Canine Famil |     1 |     9 |    28 |    25 |    14 |       ||    77
       Summon Guardian G |       |       |     2 |    17 |     5 |       ||    24
       Summon Lightning  |       |       |       |    34 |    26 |       ||    60
       Summon Cactus Gia |       |       |       |     8 |   134 |     3 ||   145
       Summon Hydra      |       |       |       |       |    47 |       ||    47
       Summon Forest     |       |       |       |       |    21 |     1 ||    22
       Monstrous Menager |       |       |       |       |     6 |    26 ||    32
Invok: Call Merchant     |       |       |       |     1 |     1 |       ||     2
Evoke: Wand              |       |       |       |       |     4 |       ||     4
       Phantom mirror    |       |       |       |       |     1 |       ||     1
  Use: Scroll            |       |       |     7 |     4 |    19 |     1 ||    31
       Potion            |       |       |       |       |     5 |       ||     5
 Stab: Sleeping          |     5 |     1 |       |       |     1 |       ||     7
       Distracted        |       |       |     1 |     9 |     5 |       ||    15
Armor: Robe              |    22 |     5 |     6 |    51 |    62 |    14 ||   160
Dodge: Dodged            |    57 |    35 |   106 |   431 |   601 |    56 ||  1286

Levels and vault maps discovered:
D:1:      eino_arrival_druids_welcome, layout_basic, grunt_decor_mini_mirrors
D:2:      layout_basic, basic_altar
D:3:      cheibrodos_pilgrimage, layout_loops_cross, minitemple,
          mainiacjoe_overflow_alcove_2, mainiacjoe_overflow_alcove_1
D:4:      layout_rooms, nicolae_gozag_zags_fifth_avenue, uniq_sigmund
D:5:      layout_rooms, serial_shops, shop, kennysheep_dice
D:6:      cheibrodos_barr_body, layout_basic, hangedman_ru_absence
D:7:      layout_rooms, temple_fountains
D:8:      layout_loops_ring, grunt_lair_entry_orc_guard_hut, serial_shops, shop,
          hangedman_abyss_or_decor_stabs, dreamdust_princess_bridge
D:9:      layout_irregular_city, mainiacjoe_overflow_brackets,
          lemuel_crystal_altar, vehumet_crystals
D:10:     wad_woods_minihive, layout_cave_pools, serial_shops, shop_fountains,
          uniq_urug, uniq_joseph, uniq_nergalle, uniq_snorg
D:11:     layout_basic, erik_orc_3
D:12:     layout_irregular_city, muffindrake_ghost_dual_entry
D:13:     layout_small_grid, serial_shops, nicolae_shop_behind_doors,
          makhleb_altar_promises_db, uniq_rupert
D:14:     layout_roguey [special_room_orc],
          hangedman_vaults_entry_quadrant_bands, wad_floor_pattern_1,
          dreamdust_mushroom_princess
D:15:     gammafunk_enter_depths_forms, layout_rooms
Lair:1:   layout_gridlike, serial_bayou_shore_b, lemuel_fruit_tree,
          grunt_megastairs_5
Lair:2:   layout_regular_city, elwin_shoals_entry_stream
Lair:3:   cheibrodos_magma_flow, layout_chaotic_city,
          minmay_snake_entry_guardpost_small
Lair:4:   layout_cave_pods, serial_bayou_shore_a
Lair:5:   guppyfry_lair_end_dragon, layout_regular_city,
          hangedman_lair_caniforms_friends, nicolae_slime_entry_slimehenge
Orc:1:    layout_caves, serial_shops, nicolae_shop_trees
Orc:2:    st_orc_mages, layout_caves, nicolae_orc_lava_tube
Elf:1:    minmay_elf_arrival_circle, layout_geoelf_octagon, ebering_ghost_xom,
          minivault_28

Notes
Turn   | Place    | Note
-------+----------+-------------------------------------------
     0 | D:1      | mcwallace the Tengu Summoner began the quest for the Orb.
     0 | D:1      | Reached XP level 1. HP: 10/10 MP: 4/4
     0 | D:1      | magus.rc [v1.9.6]
   271 | D:1      | Reached XP level 2. HP: 16/16 MP: 3/6
   340 | D:1      | Reached skill level 5 in Summonings
  1036 | D:1      | Reached skill level 1 in Fighting
  1036 | D:1      | Reached XP level 3. HP: 20/20 MP: 4/7
  1191 | D:1      | Learned a level 3 spell: Call Canine Familiar
  1556 | D:2      | Found a shimmering altar of Xom.
  2079 | D:3      | Reached skill level 3 in Dodging
  2185 | D:3      | Reached XP level 4. HP: 22/25 MP: 5/8
  2185 | D:3      | HP: 6/25 [orc priest/divine providence (16)]
  2298 | D:3      | Gained mutation: Your magical nature lets you fly swiftly
                  | and evasively. [Tengu growth]
  2298 | D:3      | Reached XP level 5. HP: 30/30 MP: 6/10
  2337 | D:3      | Reached skill level 2 in Fighting
  2391 | D:3      | Found an ornate altar of the Wu Jian Council.
  2636 | D:3      | Found a shimmering altar of Xom.
  2646 | D:3      | Found a bloodstained altar of Trog.
  2646 | D:3      | Found an ancient bone altar of Kikubaaqudgha.
  2648 | D:3      | Found a white marble altar of Elyvilon.
  2649 | D:3      | Found a shimmering blue altar of Sif Muna.
  2650 | D:3      | Found an iron altar of Okawaru.
  2660 | D:3      | Found a broken altar of Ashenzari.
  2917 | D:3      | Reached skill level 3 in Spellcasting
  3011 | D:4      | Noticed an ogre
  3095 | D:4      | Killed an ogre
  3096 | D:4      | Reached skill level 4 in Dodging
  3096 | D:4      | Reached skill level 6 in Summonings
  3096 | D:4      | Reached XP level 6. HP: 20/36 MP: 4/11
  3257 | D:4      | Found an opulent altar of Gozag.
  3260 | D:4      | Found Gozag's Platinum Reserve.
  3337 | D:4      | Became a worshipper of Gozag Ym Sagoz the Greedy
  3352 | D:4      | Noticed Sigmund
  3359 | D:4      | Reached skill level 3 in Fighting
  3369 | D:4      | Killed Sigmund
  3370 | D:4      | Reached XP level 7. HP: 35/41 MP: 8/13
  3509 | D:4      | Reached skill level 4 in Spellcasting
  3513 | D:4      | You pick up a book of Vapours and begin reading...
  3513 | D:4      | You add the spells Poisonous Vapours, Cigotuvi's Dreadful
                  | Rot and Mephitic Cloud to your library.
  3761 | D:5      | Entered Level 5 of the Dungeon
  3954 | D:5      | Reached skill level 4 in Fighting
  3954 | D:5      | Reached skill level 5 in Dodging
  3954 | D:5      | Reached skill level 7 in Summonings
  4147 | D:5      | Reached XP level 8. HP: 48/48 MP: 11/15
  4392 | D:5      | Found Ipanketi's Assorted Antiques.
  4405 | D:5      | Bought a scroll labelled NEEDGH CYEFATO for 26 gold pieces
  4405 | D:5      | Bought a scroll labelled ZACEYRGHECVU for 26 gold pieces
  4405 | D:5      | Bought a scroll labelled MAJEOH RAEGAN for 26 gold pieces
  4552 | D:5      | Identified the +1 leather armour of the Albatross {+Blink
                  | rC+ Int-4}
  4809 | D:6      | Reached skill level 6 in Dodging
  4809 | D:6      | Reached skill level 5 in Spellcasting
  4823 | D:6      | Found a sacrificial altar of Ru.
  4876 | D:6      | Reached skill level 5 in Fighting
  5000 | D:6      | Reached skill level 8 in Summonings
  5003 | D:6      | Reached XP level 9. HP: 24/54 MP: 14/18
  5007 | D:6      | HP: 11/54 [vampire mosquito (9)]
  5436 | D:6      | Reached skill level 7 in Dodging
  5485 | D:6      | Reached skill level 6 in Fighting
  5485 | D:6      | Reached skill level 6 in Spellcasting
  5496 | D:6      | Reached skill level 9 in Summonings
  5637 | D:6      | Noticed a cyclops
  5679 | D:6      | HP: 8/55 [cyclops/large rock (47)]
  5845 | D:5      | Learned a level 3 spell: Summon Guardian Golem
  5849 | D:6      | HP: 9/55 [cyclops/large rock (46)]
  5871 | D:6      | Killed a cyclops
  6560 | D:7      | Reached XP level 10. HP: 61/61 MP: 17/20
  6669 | D:7      | Reached skill level 8 in Dodging
  6675 | D:7      | HP: 14/61 [poisoned by a killer bee]
  6680 | D:7      | HP: 10/61 [poisoned by a killer bee]
  6705 | D:7      | HP: 10/61 [killer bee (5)]
  6764 | D:7      | Reached skill level 7 in Fighting
  6928 | D:7      | Found a staircase to the Ecumenical Temple.
  7523 | D:8      | Found Gihia's Armour Shoppe.
  7532 | D:8      | Bought a +2 cloak of preservation for 279 gold pieces
  7614 | D:8      | Reached skill level 10 in Summonings
  7623 | D:8      | Reached skill level 7 in Spellcasting
  7922 | D:8      | Found a staircase to the Lair.
  8913 | D:8      | magus.rc [v1.9.6]
  8973 | Lair:1   | Entered Level 1 of the Lair of Beasts
  8978 | Lair:1   | Noticed a cane toad
  8987 | Lair:1   | Killed a cane toad
  8988 | Lair:1   | Reached skill level 9 in Dodging
  9486 | Lair:1   | Reached skill level 8 in Fighting
  9498 | Lair:1   | Learned a level 4 spell: Summon Lightning Spire
  9501 | Lair:1   | Noticed a cane toad
  9514 | Lair:1   | Killed a cane toad
  9531 | Lair:1   | Reached skill level 11 in Summonings
  9531 | Lair:1   | Reached XP level 11. HP: 66/68 MP: 20/23
  9578 | Lair:1   | Reached skill level 8 in Spellcasting
  9598 | Lair:1   | Noticed a catoblepas
  9914 | Lair:1   | Reached skill level 10 in Dodging
 10128 | Lair:1   | Reached skill level 12 in Summonings
 10391 | Lair:1   | Reached skill level 11 in Dodging
 10865 | Lair:1   | Killed a catoblepas
 11197 | Lair:1   | Identified the +0 robe of Fashionability {Contam rPois
                  | Str+6}
 11314 | Lair:1   | Bought a book of Blood for 364 gold pieces
 11314 | Lair:1   | You pick up a book of Blood and begin reading...
 11314 | Lair:1   | You add the spells Sublimation of Blood, Wereblood and
                  | Summon Hydra to your library.
 11324 | Lair:1   | Learned a level 7 spell: Summon Hydra
 11376 | Lair:2   | Reached skill level 13 in Summonings
 11453 | Lair:2   | Reached XP level 12. HP: 27/73 MP: 22/25
 11642 | Lair:2   | Reached skill level 12 in Dodging
 11841 | Lair:2   | Found a staircase to the Shoals.
 11931 | Lair:2   | Reached skill level 14 in Summonings
 13049 | Lair:3   | You pick up a book of Scorching and begin reading...
 13049 | Lair:3   | You add the spells Scorch, Flame Wave and Summon Cactus
                  | Giant to your library.
 13057 | Lair:3   | Learned a level 6 spell: Summon Cactus Giant
 13078 | Lair:3   | Reached skill level 13 in Dodging
 13220 | Lair:3   | HP: 9/73 [blink frog (16)]
 13240 | Lair:3   | HP: 10/73 [blink frog (5)]
 13607 | Lair:3   | Reached skill level 15 in Summonings
 13627 | Lair:3   | You are sucked into a shaft and drop 2 floors!
 13627 | Lair:5   | Entered Level 5 of the Lair of Beasts
 13666 | Lair:4   | Noticed a catoblepas
 13675 | Lair:4   | Killed a catoblepas
 13705 | Lair:4   | Reached skill level 14 in Dodging
 13904 | Lair:4   | Reached XP level 13. HP: 78/78 MP: 20/26
 14043 | Lair:3   | Reached skill level 16 in Summonings
 14215 | Lair:3   | Found a staircase to the Snake Pit.
 14518 | Lair:3   | You pick up a book of Maledictions and begin reading...
 14518 | Lair:3   | You add the spells Anguish and Enfeeble to your library.
 15614 | Lair:4   | Reached skill level 17 in Summonings
 16128 | Lair:4   | Reached skill level 18 in Summonings
 16875 | Lair:5   | HP: 12/78 [poisoned by a black mamba]
 16875 | Lair:5   | HP: 3/78 [black mamba (9)]
 17197 | Lair:5   | Found a staircase to the Slime Pits.
 17205 | Lair:5   | Found a viscous altar of Jiyva.
 17601 | Lair:5   | Reached skill level 19 in Summonings
 18205 | Lair:5   | Reached XP level 14. HP: 84/84 MP: 22/27
 18237 | Lair:5   | Reached skill level 20 in Summonings
 18457 | Lair:5   | HP: 20/84 [hell hound (4)]
 20096 | Lair:1   | magus.rc [v1.9.6]
 20437 | D:9      | Found a blossoming altar of Fedhas.
 20490 | D:9      | Reached skill level 21 in Summonings
 20779 | D:9      | Found a radiant altar of Vehumet.
 20849 | D:9      | Found a glowing golden altar of the Shining One.
 21244 | D:10     | Entered Level 10 of the Dungeon
 21256 | D:10     | Noticed Joseph
 21263 | D:10     | Killed Joseph
 21278 | D:10     | Noticed Snorg
 21284 | D:10     | Killed Snorg
 21546 | D:10     | Found Novoleaw's Book Emporium.
 21589 | D:10     | You pick up a book of Debilitation and begin reading...
 21589 | D:10     | You add the spells Slow, Vampiric Draining and Confusing
                  | Touch to your library.
 21625 | D:10     | Noticed Urug
 21625 | D:10     | Noticed Nergalle
 21631 | D:10     | Killed Nergalle
 21632 | D:10     | Reached skill level 1 in Evocations
 21635 | D:10     | Killed Urug
 21922 | D:10     | Reached skill level 2 in Evocations
 22555 | D:10     | Bought a book of the Wilderness for 570 gold pieces
 22555 | D:10     | You pick up a book of the Wilderness and begin reading...
 22555 | D:10     | You add the spells Summon Forest and Summon Mana Viper to
                  | your library.
 22561 | D:10     | Learned a level 5 spell: Summon Forest
 22993 | D:11     | Found a staircase to the Orcish Mines.
 23052 | D:11     | Reached skill level 3 in Evocations
 24126 | Orc:1    | Entered Level 1 of the Orcish Mines
 24167 | Orc:1    | Reached skill level 9 in Spellcasting
 24167 | Orc:1    | Reached skill level 4 in Evocations
 24325 | Orc:1    | Found Ulirru's Weapon Boutique.
 24606 | Orc:2    | Entered Level 2 of the Orcish Mines
 24611 | Orc:2    | Noticed an orc warlord
 24932 | Orc:2    | Killed an orc warlord
 25097 | Orc:2    | Found a staircase to the Elven Halls.
 25240 | Orc:2    | Reached skill level 5 in Evocations
 25422 | Orc:2    | Identified a +2 robe of the Archmagi
 25429 | Orc:2    | Reached XP level 15. HP: 55/88 MP: 4/29
 25673 | Orc:2    | Reached skill level 10 in Spellcasting
 25826 | Orc:2    | Found Amiehuch's Magic Scroll Shop.
 25826 | Orc:2    | Found Detaweer's Distillery.
 25827 | Orc:2    | Found Avuzxiz's Antique Weapon Boutique.
 25832 | Orc:2    | Found Uhil's Book Boutique.
 26635 | Orc:2    | Bought a book of the Dragon for 828 gold pieces
 26635 | Orc:2    | You pick up a book of the Dragon and begin reading...
 26635 | Orc:2    | You add the spells Cause Fear, Dragon Form and Dragon's
                  | Call to your library.
 26636 | Orc:2    | Bought a scroll of identify for 26 gold pieces
 26638 | Orc:2    | Bought a potion of mutation for 80 gold pieces
 26638 | Orc:2    | Bought a potion of cancellation for 80 gold pieces
 26898 | Orc:2    | Bought an ivory great sword for 391 gold pieces
 26898 | Orc:2    | Identified the +6 great sword "Voqummaz" {pain, rC+} (You
                  | bought it in a shop on level 2 of the Orcish Mines)
 27101 | Orc:2    | Bought a large pearl amulet for 120 gold pieces
 27600 | D:12     | Noticed KryptKrawler's ghost (journeyman SpEn)
 27601 | D:12     | Noticed a lich
 27752 | D:12     | Found a runed translucent door.
 27799 | D:12     | Identified a scroll of acquirement
 27800 | D:12     | Acquired the ring of Lafeer {rPois Will+ rCorr Int-2 Dex+2}
 28355 | D:12     | Found a runed translucent door.
 28355 | D:12     | Noticed a fire giant
 28357 | D:12     | Noticed a storm dragon
 28863 | D:13     | HP: 17/88 [centaur warrior/arrow (17)]
 28872 | D:13     | HP: 19/88 [centaur warrior/arrow (4)]
 29189 | D:13     | Found Kumynyop's Antique Weapon Emporium.
 29276 | D:13     | Reached skill level 11 in Spellcasting
 29343 | D:13     | Noticed Rupert
 29494 | D:13     | Killed Rupert
 30084 | D:13     | Found a burning altar of Makhleb.
 30084 | D:13     | Noticed a cacodemon
 30132 | D:13     | a +5 executioner's axe of flaming {axerare=g}; a +0 leather
                  | armour
 30133 | D:13     | a +5 executioner's axe of flaming {axerare=g}; a +0 leather
                  | armour
 30133 | D:13     | Could not pick up a +5 executioner's axe of flaming
                  | {axerare=g} here; ([A]lways) ignore it?
 30328 | D:13     | Bought an ivory quarterstaff for 243 gold pieces
 30328 | D:13     | Identified the +12 quarterstaff "Mawnow" {vorpal, rCorr
                  | Dex+6 Stlth+} (You bought it in a shop on level 13 of the
                  | Dungeon)
 30355 | D:14     | You pick up a book of Air and begin reading...
 30355 | D:14     | You add the spells Shock, Swiftness and Airstrike to your
                  | library.
 30419 | D:14     | Reached skill level 22 in Summonings
 30874 | D:14     | HP: 18/88 [slime creature (9)]
 31389 | D:14     | Found a gate to the Vaults.
 31458 | D:14     | Reached skill level 12 in Spellcasting
 32141 | D:14     | You pick up a book of Beasts and begin reading...
 32141 | D:14     | You add the spells Summon Ice Beast and Monstrous Menagerie
                  | to your library.
 32330 | D:14     | Learned a level 7 spell: Monstrous Menagerie
 32403 | D:15     | Entered Level 15 of the Dungeon
 32406 | D:15     | You pick up a book of Flames and begin reading...
 32406 | D:15     | You add the spells Inner Flame and Sticky Flame to your
                  | library.
 32556 | D:15     | Reached XP level 16. HP: 93/93 MP: 16/33
 32724 | D:14     | Reached skill level 23 in Summonings
 33040 | D:15     | Paralysed by a great orb of eyes for 5 turns
 33170 | D:15     | Found a staircase to the Depths.
 33577 | D:15     | Reached skill level 13 in Spellcasting
 34233 | Elf:1    | Entered Level 1 of the Elven Halls
 34234 | Elf:1    | Paralysed by an air elemental for 1 turns
 34238 | Orc:2    | Paralysed by an air elemental for 1 turns
 34241 | Orc:2    | Killed from afar by a deep elf zephyrmancer

Vanquished Creatures
  Snorg (D:10)
  A boulder beetle (Lair:3)
  A two-headed ogre (D:11)
  An orc high priest (Orc:2)
  3 elephants
  2 cane toads (Lair:2)
  2 rime drakes (Lair:4)
  A freezing wraith (D:14)
  3 komodo dragons
  A tengu conjurer (D:14)
  4 polar bears
  A merfolk (Lair:2)
  7 blink frogs
  2 slime creatures (D:14)
  Sigmund (D:4)
  A shadow (D:12)
  A yak (shapeshifter) (D:13)
  A wraith (D:11)
  A wyvern (Lair:3)
  9 yaks
  2 basilisks
  2 steam dragons
  4 vampire mosquitoes
  2 wargs
  An acid dragon (Lair:5)
  3 water moccasins
  2 hell hounds (Lair:5)
  A swamp drake (Lair:5)
  An ice beast (D:8)
  6 orc warriors
  9 wolves
  A black bear (D:6)
  An ogre (Orc:2)
  A phantom (D:6)
  4 centaurs
  4 bullfrogs
  A necrophage (D:6)
  3 scorpions
  16 killer bees
  2 lava snakes (Lair:3)
  A nameless horror (Lair:1)
  2 hounds
  8 orc priests
  6 orc wizards
  3 iguanas
  A boggart skeleton (D:14)
  2 gnolls
  3 adders
  2 white imps (D:6)
  An ufetubus (D:7)
  A dart slug (D:3)
  31 orcs
  2 endoplasms
  5 giant cockroaches
  6 goblins
  6 hobgoblins
  2 quokkas
  3 ball pythons
  6 bats
  3 frilled lizards
  11 kobolds
  4 rats
219 creatures vanquished.

Vanquished Creatures (collateral kills)
  Rupert (D:13)
  An orc warlord (Orc:2)
  A fire dragon (Lair:5)
  A great orb of eyes (D:15)
  An ogre mage (D:14)
  5 centaur warriors
  4 hydras
  2 rakshasas (D:15)
  2 boulder beetles
  A catoblepas (Lair:4)
  2 tengu warriors (D:15)
  7 two-headed ogres
  3 death knights
  4 orc high priests
  Urug (D:10)
  Nergalle (D:10)
  6 skeletal warriors (D:14)
  A death drake (shapeshifter) (D:15)
  A swamp dragon (Lair:5)
  2 wizards
  4 orc knights
  A deep elf pyromancer (D:15)
  7 ugly things
  An orc sorcerer (Orc:2)
  3 manticores
  4 cyclopes
  2 merfolk sirens (Lair:2)
  Joseph (D:10)
  2 molten gargoyles (Lair:3)
  11 elephants
  3 black mambas
  3 centaur skeletons (D:14)
  11 cane toads
  A gargoyle (D:12)
  4 freezing wraiths
  3 unseen horrors
  A kobold demonologist (D:12)
  4 rime drakes
  An efreet (D:9)
  8 komodo dragons
  6 trolls
  8 polar bears
  A merfolk (Lair:2)
  9 slime creatures
  A raiju (Lair:5)
  11 blink frogs
  A wyvern (Lair:2)
  An air elemental (Orc:2)
  2 shadows (D:9)
  6 wraiths
  A vampire (D:10)
  26 yaks
  A steam dragon (Lair:5)
  A basilisk (shapeshifter) (D:15)
  7 vampire mosquitoes
  2 nagas (Lair:3)
  6 wargs
  8 acid dragons
  6 water moccasins
  14 hell hounds (Lair:5)
  40 orc warriors
  14 black bears
  An ice beast (D:6)
  7 ogres
  2 swamp drakes (Lair:5)
  20 wolves
  A phantom (D:5)
  11 centaurs
  A kobold brigand (D:10)
  9 bullfrogs
  A necrophage (D:4)
  A gnoll sergeant (D:8)
  3 scorpions
  28 killer bees
  4 howler monkeys
  3 lava snakes (Lair:3)
  6 hounds
  3 jellies
  23 orc priests
  6 iguanas
  30 orc wizards
  2 adders (D:6)
  6 gnolls
  A shadow imp (D:7)
  A white imp (D:7)
  62 orcs
  2 endoplasms
  A goblin (D:4)
  5 hobgoblins
  A quokka (D:2)
  4 ball pythons
  A bat (D:2)
  A frilled lizard (D:2)
  6 kobolds
  A rat (D:1)
548 creatures vanquished.

Vanquished Creatures (others)
  A catoblepas (Lair:1)
  A cyclops (D:6)
  4 yaks (Lair:1)
  An acid dragon (D:8)
  5 orc warriors (D:14)
  A black bear (D:7)
  2 ogres
  A kobold brigand (D:8)
  3 wights (D:7)
  An orc wizard (Orc:2)
  2 gnolls (D:8)
  4 orcs (D:14)
  28 fungi
  65 plants
  8 snaplasher vines
127 creatures vanquished.

Grand Total: 894 creatures vanquished

Table legend:
 A = Non-vault XP
 B = Vault XP
 C = Vault XP percentage of total XP
 D = Non-vault monster count
 E = Vault monster count
 F = Vault count percentage of total count
                 A         B        C        D         E       F
            +---------+---------+-------+---------+---------+-------
      Total |   94798 |   49271 |  34.2 |     520 |     272 |  34.3
            +---------+---------+-------+---------+---------+-------
        D:1 |      34 |       0 |   0.0 |      21 |       0 |   0.0
        D:2 |      36 |       0 |   0.0 |      17 |       0 |   0.0
        D:3 |      64 |     127 |  66.5 |      20 |       6 |  23.1
        D:4 |     460 |     239 |  34.2 |      15 |       1 |   6.2
        D:5 |     596 |     149 |  20.0 |      11 |       2 |  15.4
        D:6 |    1468 |    1281 |  46.6 |      17 |      12 |  41.4
        D:7 |    1117 |       0 |   0.0 |      21 |       0 |   0.0
        D:8 |    1074 |     979 |  47.7 |      27 |       6 |  18.2
        D:9 |    3034 |       0 |   0.0 |      15 |       0 |   0.0
       D:10 |    1636 |    4994 |  75.3 |      13 |      36 |  73.5
       D:11 |    3375 |     677 |  16.7 |      15 |      16 |  51.6
       D:12 |    4788 |       0 |   0.0 |      16 |       0 |   0.0
       D:13 |    5223 |    1914 |  26.8 |      20 |       1 |   4.8
       D:14 |   12041 |   10540 |  46.7 |      30 |      45 |  60.0
       D:15 |   11979 |    5071 |  29.7 |      29 |       8 |  21.6
     Lair:1 |    7409 |    1443 |  16.3 |      31 |       6 |  16.2
     Lair:2 |    4833 |    1487 |  23.5 |      24 |       4 |  14.3
     Lair:3 |    7674 |    1430 |  15.7 |      24 |       9 |  27.3
     Lair:4 |   12229 |       0 |   0.0 |      37 |       0 |   0.0
     Lair:5 |    6322 |   13304 |  67.8 |      21 |      73 |  77.7
      Orc:1 |    4338 |       0 |   0.0 |      52 |       0 |   0.0
      Orc:2 |    5068 |    5636 |  52.7 |      44 |      47 |  51.6
            +---------+---------+-------+---------+---------+-------

Illustrated notes

Table legend:
 A = Kills in this place as a percentage of kills in entire the game.
 B = Kills by you in this place as a percentage of kills by you in the entire game.
 C = Kills by friends in this place as a percentage of kills by friends in the entire game.
 D = Other kills in this place as a percentage of other kills in the entire game.
 E = Experience gained in this place as a percentage of experience gained in the entire game.
 F = Experience gained in this place divided by the number of levels of this place that you have seen.
                   A       B       C       D       E      F
               +-------+-------+-------+-------+-------+----------------------
         Total | 100.0 | 100.0 | 100.0 | 100.0 | 100.0 | 6263.9
       Dungeon |  53.0 |  62.4 |  48.2 |  76.9 |  50.6 | 4859.7
          Lair |  28.9 |  25.7 |  30.7 |  19.2 |  39.0 | 11226.2
  Orcish Mines |  18.1 |  11.9 |  21.2 |   3.8 |  10.4 | 7521.0
               +-------+-------+-------+-------+-------+----------------------

Table legend: (Time is in decaauts)
 A = Elapsed time spent in this place.
 B = Non-inter-level travel time spent in this place.
 C = Inter-level travel time spent in this place.
 D = Time resting spent in this place.
 E = Time spent auto-exploring this place.
 F = Levels seen in this place.
 G = Mean time per level.
                   A        B        C        D        E       F      G
               +--------+--------+--------+--------+--------+-----+--------+
         Total |  32824 |  31873 |    951 |   2579 |  21811 |  23 | 1427.1 |
       Dungeon |  19382 |  18746 |    636 |   1363 |  13221 |  15 | 1292.1 |
          Lair |  10503 |  10301 |    202 |    766 |   6995 |   5 | 2100.6 |
  Orcish Mines |   2934 |   2822 |    112 |    450 |   1594 |   2 | 1467.0 |
   Elven Halls |      3 |      3 |      0 |      0 |      0 |   1 |    3.0 |
               +--------+--------+--------+--------+--------+-----+--------+

Top non-repeatable levels by time:
  Lair:5: 3104 daAuts
    D:14: 2258 daAuts
  Lair:1: 2169 daAuts
   Orc:2: 1944 daAuts
  Lair:3: 1862 daAuts
    D:12: 1729 daAuts
  Lair:2: 1718 daAuts
     D:8: 1649 daAuts
  Lair:4: 1647 daAuts
    D:11: 1498 daAuts
     D:6: 1451 daAuts
    D:15: 1422 daAuts
    D:13: 1286 daAuts
    D:10: 1285 daAuts
     D:1: 1228 daAuts
